 Dungeon Crawl Stone Soup version 0.25-a0-842-g81a31cf (webtiles) character file.

Game seed: 1697988201894937956, levelgen mode: deterministic

6 Illumine the Chiller (level 1, 0/10 HPs)
             Began as a Gargoyle Ice Elementalist on Apr 24, 2020.
             Slain by a jackal (2 damage)
             ... on level 1 of the Dungeon.
             The game lasted 00:00:40 (126 turns).

Illumine the Chiller (Gargoyle Ice Elementalist)     Turns: 126, Time: 00:00:41

Health: 0/10       AC:  4    Str: 11    XL:     1   Next: 90%
Magic:  0/3        EV: 12    Int: 15    God:
Gold:   0          SH:  0    Dex: 10    Spells: 3/4 levels left

rFire    . . .     SeeInvis .   (no weapon)
rCold    . . .     Gourm    .   (no shield)
rNeg     + . .     Faith    .   a - +0 robe
rPois    ∞         Spirit   .   (no helmet)
rElec    +         Reflect  .   (no cloak)
rCorr    .         Harm     .   (no gloves)
MR       .....                  (no boots)
Stlth    ++........             (no amulet)
HPRegen  0.03/turn              (no ring)
MPRegen  0.08/turn              (no ring)

@: no status effects
A: negative energy resistance 1, electricity resistance, unbreathing,
petrification resistance, rot immunity, AC +2
a: no special abilities


You were on level 1 of the Dungeon.
You were not hungry.

You visited 1 branch of the dungeon, and saw 1 of its levels.

Inventory:

Missiles
 b - 6 stones
 d - 5 poisoned darts (quivered)
Armour
 a - a +0 robe (worn)
Comestibles
 c - 2 rations
 f - a chunk of flesh


   Skills:
 - Level 1.5 Dodging
 - Level 2.2 Stealth
 + Level 2.2 Spellcasting
 + Level 4.2 Ice Magic


You had 3 spell levels left.
You knew the following spells:

 Your Spells              Type           Power        Failure   Level  Hunger
a - Freeze                Ice            ##..         3%          1    #......

Your spell library contained the following spells:

 Spells                   Type           Power        Failure   Level  Hunger
 Frozen Ramparts          Ice            ##....       12%         3    ###....
 Ozocubu's Armour         Chrm/Ice       #.......     28%         3    ###....
 Hailstorm                Conj/Ice       #.......     67%         4    #####..
 Summon Ice Beast         Ice/Summ       #.......     67%         4    #####..


Dungeon Overview and Level Annotations

Branches:
Dungeon (1/15)

Altars:


Innate Abilities, Weirdness & Mutations

You are resistant to torment.
Your stone body is resilient. (AC +2)
You are immune to poison.
You resist negative energy. (rN+)
You are resistant to electric shocks. (rElec)
You can survive without breathing.
You are immune to petrification.
You are immune to rotting.


Message History

You freeze the jackal!
You kill the jackal!
Throwing (i - inventory. (/) - cycle)
d - 6 poisoned darts (quivered)
Press: ? - help, Shift-Dir - straight line, f - jackal
Aim: a jackal You throw a poisoned dart.
The poisoned dart hits the jackal.
You kill the jackal!
The jackal bites you.
* * * LOW HITPOINT WARNING * * *
Unknown command.
Casting: Freeze (safe; 3% risk of failure)
Confirm with . or Enter, or press ? or * to list all spells.
Aiming: Freeze (safe; 3% risk of failure)
Press: ? - help, Shift-Dir - straight line, f/p - jackal
Aim: a jackal You freeze the jackal.
The jackal is heavily wounded.
The jackal bites you but does no damage.
The jackal bites you.
You die...

............†.....$.
#..#........##..####.#
#..#.#..÷.#....#.....#
#....#.###.......###
#....((###.###.###.#
#.###(..(......†...#
..#.?#...###.##..###
..........###.##....#
..........(Kh@.......#
.....#.##..####..#....#
####...##..#
#.......#########
#..###...
#.###.(.......... #..
##..# #.# #.##....#####
#. #... .# #.........#
#.## .# #..+++'++.# #.
.. #..+....+.# ...
+..<.+..


You could see a jackal and a kobold.

Vanquished Creatures
  2 giant cockroaches (D:1)
  2 jackals (D:1)
  A frilled lizard (D:1)
5 creatures vanquished.

Notes
Turn   | Place    | Note
-------+----------+-------------------------------------------
     0 | D:1      | Illumine the Gargoyle Ice Elementalist began the quest for
                  | the Orb.
     0 | D:1      | Reached XP level 1. HP: 10/10 MP: 3/3
   126 | D:1      | Slain by a jackal

Levels and vault maps discovered:
D:1:      lightli_arrival_maybe_door_vault, layout_rooms

Action                   || total
-------------------------++-------
Throw: Dart              ||     7
 Cast: Freeze            ||     7
Armor: Robe              ||     7
Dodge: Dodged            ||    12

Table legend:
 A = Non-vault XP
 B = Vault XP
 C = Vault XP percentage of total XP
 D = Non-vault monster count
 E = Vault monster count
 F = Vault count percentage of total count
                 A         B        C        D         E       F
            +---------+---------+-------+---------+---------+-------
      Total |       9 |       0 |   0.0 |       5 |       0 |   0.0
            +---------+---------+-------+---------+---------+-------
        D:1 |       9 |       0 |   0.0 |       5 |       0 |   0.0
            +---------+---------+-------+---------+---------+-------
